 Dungeon Crawl Stone Soup version 0.27.1-33-g824d729ab1 (webtiles) character file.

Game seed: 1835381788011073804

8 pkoi the Sneak (level 2, -4/26 HPs)
             Began as a Draconian Delver on Nov 30, 2021.
             Killed from afar by an orc wizard (5 damage)
             ... with a magic dart
             ... on level 3 of the Dungeon.
             The game lasted 00:01:29 (219 turns).

pkoi the Sneak (Draconian Delver)                    Turns: 219, Time: 00:01:29

Health: -4/26      AC:  4    Str: 14    XL:     2   Next: 0%
Magic:  2/2        EV: 12    Int: 10    God:
Gold:   0          SH:  0    Dex: 12    Spells: 1/1 levels left

rFire    . . .     SeeInvis .     - Unarmed
rCold    . . .     Faith    .   (no shield)
rNeg     . . .     Spirit   .   (armour unavailable)
rPois    .         Reflect  .   (helmet restricted)
rElec    .         Harm     .   (no cloak)
rCorr    .         Rampage  .   (no gloves)
Will     .....                  (no boots)
Stlth    +++.......             (no amulet)
HPRegen  0.08/turn              (no ring)
MPRegen  0.08/turn              (no ring)

@: hasted, very quick
A: AC +4, unfitting armour, cold-blooded
a: no special abilities


You were on level 3 of the Dungeon.
You visited 1 branch of the dungeon, and saw 3 of its levels.

Inventory:

Hand Weapons
 f - a +0 short sword
Wands
 e - a wand of digging (3)
Scrolls
 b - a scroll of magic mapping


   Skills:
 - Level 3.2 Fighting
 - Level 1.7 Dodging
 - Level 4.5 Stealth
 + Level 2.7 Unarmed Combat


You had one spell level left.
You didn't know any spells.
Your spell library was empty.

Dungeon Overview and Level Annotations

Branches:
Dungeon (5/15)
 Temple: D:4-7

Altars:

Shops:
D:4 :


Innate Abilities, Weirdness & Mutations

Your plain brown scales are hard. (AC +4)
You cannot fit into any form of body armour.
You are cold-blooded and may be slowed by cold attacks.


Message History

You hit the endoplasm.
The endoplasm is heavily wounded.
You hit the endoplasm.
You kill the endoplasm!
You have reached level 2!
You start resting.
An orc wizard is nearby!
An orc wizard is nearby!
An orc wizard is nearby!
Okay, then.
As you read the scroll of fog, it crumbles to dust.
The scroll dissolves into smoke.
As you read the scroll of fear, it crumbles to dust.
You assume a fearsome visage.
The orc wizard looks frightened!
The orc wizard shouts!
The orc wizard casts a spell.
The orc wizard flickers and vanishes!
Deactivating autopickup; reactivate with Ctrl-A.
As you read the scroll labelled NEUFACSIESO, it crumbles to dust.
It is a scroll of amnesia.
You feel forgetful for a moment.
Okay, then.
You feel yourself speed up. Something hits you but does no damage.
Okay, then.
You hit something. Something hits you.
* * * LOW HITPOINT WARNING * * *
You hit something. You tail-slap something. You closely miss something.
You tail-slap something. Something hits you but does no damage.
You hit something but do no damage. You barely miss something.
Something hits you but does no damage.
You closely miss something. Something hits you.
* * * LOW HITPOINT WARNING * * *
You closely miss something. You tail-slap something.
You hit something but do no damage. Something hits you but does no damage.
You hit something.
You hear some strange, mumbled words.
A magic dart appears from out of thin air!
The magic dart hits you.
You die...

##############
#.$.......@{§#
#.##########.# #.# #§#
##.######## #§# S........#
#§# # #.####...###§#
#.?.###.##.......#§####...
................o§...(....
#...######.....J.######...


There were no monsters in sight!

Vanquished Creatures
  3 orcs (D:3)
  An endoplasm (D:3)
  A rat (D:3)
5 creatures vanquished.

Notes
Turn   | Place    | Note
-------+----------+-------------------------------------------
     0 | D:5      | pkoi the Draconian Delver began the quest for the Orb.
     0 | D:5      | Reached XP level 1. HP: 19/19 MP: 1/1
    29 | D:5      | Noticed an orc wizard
    37 | D:4      | Found Lub Osm's Book Shoppe.
   161 | D:3      | Noticed an orc wizard
   196 | D:3      | Reached XP level 2. HP: 2/26 MP: 2/2
   216 | D:3      | HP: 1/26 [something (1)]
   219 | D:3      | Killed from afar by an orc wizard

Illustrated notes

Levels and vault maps discovered:
D:3:      layout_loops_ring, grunt_dithmenos_smoke,
          nicolae_tso_carved_into_rock, minmay_goblin_outpost, uniq_grinder,
          uniq_sigmund
D:4:      layout_gridville, serial_shops, nicolae_stop_n_shop_2,
          gammafunk_ghost_abyssal_escape, uniq_menkaure, uniq_pikel
D:5:      layout_cave_pools, marbit_many_paths,
          mainiacjoe_overflow_divided_tiny, minmay_temple_entry_purple_smoke,
          kennysheep_diamond

Action                   || total
-------------------------++-------
Melee: Unarmed           ||    41
       Tailslap          ||     7
       Punch             ||     1
  Use: Scroll            ||     4
       Potion            ||     1
 Stab: Sleeping          ||     1
Armor: Skin              ||     8
Dodge: Dodged            ||    15
